 Dungeon Crawl Stone Soup version 0.27-a0-1136-g0b992a5a9d (webtiles) character file.

Game seed: 15212212342625048364

2858 AtomicRavioli the Cutter (level 9, -3/81 HPs)
             Began as a Naga Abyssal Knight on May 4, 2021.
             Was a Priest of Lugonu.
             Slain by a boulder beetle (5 damage)
             ... on level 8 of the Dungeon on May 5, 2021.
             The game lasted 00:13:55 (10070 turns).

AtomicRavioli the Cutter (Naga Abyssal Knight)     Turns: 10070, Time: 00:13:55

Health: -3/81      AC: 16    Str: 14    XL:     9   Next: 75%
Magic:  9/13       EV:  9    Int: 13    God:    Lugonu [***...]
Gold:   224        SH:  0    Dex: 14    Spells: 8/8 levels left

rFire    + + .     SeeInvis +   o - +5 dagger (flame)
rCold    + . .     Faith    .   (no shield)
rNeg     . . .     Spirit   .   g - +3 ring mail "Kopre Sus" {rC+}
rPois    +         Reflect  .   (no helmet)
rElec    .         Harm     .   h - +2 cloak
rCorr    .         Rampage  .   t - +2 pair of gloves
Will     +....                  (no barding)
Stlth    ++........             (no amulet)
HPRegen  0.23/turn              r - ring of protection from fire
MPRegen  0.13/turn              d - ring of protection from fire

@: short of breath, very slow
A: AC +3, large, see invisible, deformed body, poison resistance, slowness 2,
spit poison 1, naga tail 1
a: Spit Poison, Renounce Religion, Depart the Abyss, Bend Space, Banish


You were on level 8 of the Dungeon.
You worshipped Lugonu.
Lugonu was most pleased with you.
You visited 1 branch of the dungeon, and saw 8 of its levels.
You visited the Abyss 1 time.

You collected 321 gold pieces.
You spent 97 gold pieces at shops.

Inventory:

Hand Weapons
 a - a +1 short sword
 o - a +5 dagger of flaming (weapon)
Missiles
 b - a curare-tipped dart
 k - 8 atropa-tipped darts
Armour
 g - the +3 ring mail "Kopre Sus" (worn) {rC+}
   (You found it on level 6 of the Dungeon)

   It protects you from cold.
 h - a +2 cloak (worn)
 t - a +2 pair of gloves (worn)
Jewellery
 d - a ring of protection from fire (right hand)
 m - an amulet of faith
 r - a ring of protection from fire (left hand)
Wands
 f - a wand of flame (22)
 n - a wand of iceblast (15)
Scrolls
 c - a scroll of teleportation
 i - a scroll of summoning
 j - 3 scrolls of magic mapping
 l - a scroll of silence {unknown}
 s - a scroll of fear {unknown}
Potions
 e - 2 potions of brilliance
 p - a potion of mutation {unknown}
 q - a potion of flight {unknown}


   Skills:
 + Level 5.5 Fighting
 + Level 7.1 Short Blades
 + Level 5.6 Armour
 + Level 3.7 Dodging
 + Level 5.8 Stealth
 - Level 0.3 Unarmed Combat
 * Level 5.7 Invocations


You had 8 spell levels left.
You didn't know any spells.
Your spell library contained the following spells:

 Spells                   Type           Power      Damage    Failure   Level
 Corona                   Hex            0%         N/A       52%         1
 Ensorcelled Hibernation  Hex/Ice        0%         N/A       65%         2
 Confusing Touch          Hex            0%         N/A       87%         3
 Dazzling Flash           Conj/Hex       0%         N/A       87%         3
 Tukima's Dance           Hex            0%         N/A       87%         3


Dungeon Overview and Level Annotations

Branches:
Dungeon (8/15)             Temple (0/1) D:5
   Lair: D:8-11

Altars:
Cheibriados
Uskayaw
Yredelemnul

Shops:
D:5 *


Innate Abilities, Weirdness & Mutations

Your serpentine skin is tough. (AC +3)
You have supernaturally acute eyesight. (SInv)
Armour fits poorly on your strangely shaped body.
Your system is resistant to poisons. (rPois)
You cover ground very slowly.
You can spit poison.
You have a snake-like lower body.


Message History

t - a +2 pair of gloves You start putting on your armour.
You continue putting on your +2 pair of gloves. x4
You finish putting on your +2 pair of gloves.
A boulder beetle comes into view.
The helpless boulder beetle fails to defend itself.
You stick the boulder beetle like a pincushion!!!
You burn the boulder beetle.
The boulder beetle is severely wounded.
The boulder beetle bites you!
You hit the boulder beetle but do no damage.
The boulder beetle is severely wounded.
Press: ? - help, Shift-Dir - straight line, f - boulder beetle
Aim: a boulder beetle (severely wounded)
The splash of poison hits the boulder beetle but does no damage.
The boulder beetle is poisoned.
The boulder beetle is severely wounded.
The boulder beetle bites you!
You hit the boulder beetle but do no damage.
The boulder beetle is severely wounded.
The boulder beetle leaps!
The boulder beetle curls into a ball and begins rolling!
You have got your breath back.
The boulder beetle looks more healthy.
The boulder beetle hits you!!
The boulder beetle stops rolling and uncurls.
You hit the boulder beetle. You burn the boulder beetle.
The boulder beetle is almost dead.
The boulder beetle bites you!
* * * LOW HITPOINT WARNING * * *
Press: ? - help, Shift-Dir - straight line, f/p - boulder beetle
Aim: a boulder beetle (almost dead)
The splash of poison hits the boulder beetle but does no damage.
The boulder beetle is almost dead.
The boulder beetle bites you!
* * * LOW HITPOINT WARNING * * *
Okay, then.
Press: ? - help, Shift-Dir - straight line, f/p - boulder beetle
Aim: a boulder beetle (almost dead, chance to affect: 71%)
The boulder beetle struggles to resist.
The boulder beetle bites you.
You die...

###. #.# #.#### ..
#.# #.# #.. #.# #.#
#+# #.# #.# #.# ?.#
#°# ### #.# ### #°#
##.###.## #°#
##.#>#...##
#.######.###.....###
#.B@....## ##.......
##.#
########.###.#.#####
...# ##.#.##.# ####
##[###.# ### #.# #.#
#.# ########### #.#
#.........# #.#


You could see a boulder beetle.

Vanquished Creatures
  2 yaks (D:7)
  A steam dragon (D:8)
  Edmund (D:4)
  A water moccasin (D:5)
  An orc warrior (D:7)
  A sky beast (D:7)
  A black bear (D:5)
  A hornet zombie (D:8)
  2 ogres
  2 centaurs
  2 kobold brigands
  5 scorpions
  A wyvern zombie (D:7)
  A water moccasin zombie (D:6)
  4 wights (D:7)
  3 killer bees (D:7)
  A centaur zombie (D:7)
  A hound (D:4)
  A centaur skeleton (D:7)
  A jelly (D:3)
  3 bullfrog skeletons
  An iron imp (D:3)
  An orc wizard (D:7)
  Natasha (thrice) (D:4)
  2 hound skeletons
  8 adders
  An ufetubus (D:5)
  An adder skeleton (D:4)
  A worm (D:2)
  2 dart slugs
  8 orcs
  9 bats
  10 endoplasms
  4 giant cockroaches
  4 goblins
  4 hobgoblins
  8 jackals
  16 kobolds
  A quokka (D:5)
  13 ball pythons
  2 frilled lizards
  9 rats
144 creatures vanquished.

Vanquished Creatures (others)
  9 plants
9 creatures vanquished.

Grand Total: 153 creatures vanquished

Notes
Turn   | Place    | Note
-------+----------+-------------------------------------------
     0 | Abyss:1  | AtomicRavioli the Naga Abyssal Knight began the quest for
                  | the Orb.
     0 | Abyss:1  | Reached XP level 1. HP: 21/21 MP: 2/2
    34 | Abyss:1  | Noticed a ynoxinul
    66 | Abyss:1  | Noticed a spatial vortex
    67 | Abyss:1  | Noticed a spatial vortex
    89 | Abyss:3  | Noticed a large abomination
    98 | D:1      | Escaped the Abyss
   408 | D:1      | Reached XP level 2. HP: 17/28 MP: 3/3
   630 | D:1      | Reached skill level 1 in Dodging
   880 | D:1      | Reached * piety under Lugonu
  1010 | D:1      | Reached XP level 3. HP: 28/34 MP: 4/4
  1388 | D:1      | Reached skill level 1 in Stealth
  2010 | D:2      | Reached XP level 4. HP: 40/42 MP: 5/5
  2053 | D:2      | Found a faded altar of an unknown god.
  2932 | D:3      | Reached skill level 3 in Short Blades
  3236 | D:3      | Reached XP level 5. HP: 46/50 MP: 6/6
  3356 | D:3      | Found a snail-covered altar of Cheibriados.
  4112 | D:4      | Reached ** piety under Lugonu
  4319 | D:4      | Reached skill level 4 in Short Blades
  4404 | D:4      | Noticed Natasha
  4415 | D:4      | Noticed Edmund
  4416 | D:4      | Killed Natasha
  4417 | D:4      | Reached XP level 6. HP: 46/57 MP: 7/7
  4516 | D:4      | Killed Edmund
  4837 | D:4      | Reached XP level 7. HP: 53/64 MP: 8/8
  4985 | D:4      | Noticed Natasha
  5002 | D:4      | Killed Natasha
  5003 | D:4      | Reached skill level 5 in Short Blades
  5150 | D:4      | Noticed Natasha
  5166 | D:4      | Killed Natasha
  5530 | D:5      | Entered Level 5 of the Dungeon
  5692 | D:5      | Found a staircase to the Ecumenical Temple.
  5963 | D:5      | Reached XP level 8. HP: 59/73 MP: 8/10
  6575 | D:5      | Found a basalt altar of Yredelemnul.
  6709 | D:5      | Found Wupakh's General Store.
  6726 | D:5      | Bought a scroll of enchant weapon for 97 gold pieces
  7029 | D:6      | Identified the +3 ring mail "Kopre Sus" {rC+}
  7091 | D:6      | Reached skill level 6 in Short Blades
  7613 | D:7      | Reached skill level 5 in Stealth
  7814 | D:7      | Reached *** piety under Lugonu
  7952 | D:7      | Reached skill level 5 in Fighting
  7964 | D:7      | HP: 3/63 [wight/+3 halberd of freezing (2)]
  7966 | D:7      | Reached XP level 9. HP: 4/71 MP: 12/12
  8572 | D:7      | Reached skill level 5 in Armour
  8699 | D:7      | Reached skill level 5 in Invocations
  8995 | D:7      | Found a hide-covered altar of Uskayaw.
  9515 | D:8      | Reached skill level 7 in Short Blades
 10057 | D:8      | Noticed a boulder beetle
 10069 | D:8      | HP: 2/81 [boulder beetle (15)]
 10070 | D:8      | Slain by a boulder beetle

Illustrated notes

Levels and vault maps discovered:
D:1:      ncdulo_watergridlock, layout_rooms, corexii_corridor_pit
D:2:      layout_basic, shapermc_ecumenical_altar_mp_vishouse, serial_bayou,
          serial_bayou_pond_d, serial_bayou_lake_a, serial_bayou_pond_b,
          serial_bayou_shore_a, eino_tiny_chamber
D:3:      layout_loops_ring, slow_altar_1, item_on_display_a
D:4:      layout_cave_pools, chequers_big_river, chequers_serial_rivers_small_b,
          minmay_strange_pillars, glass_columns_a, kennysheep_generic_room_16,
          uniq_edmund, uniq_natasha
D:5:      layout_basic, general_overflow_altar, temple_pool_b, serial_shops,
          shop, minmay_misc_feat_columns
D:6:      layout_loops_ring, grunt_decor_cap
D:7:      layout_basic, nicolae_uskayaw_dance_studio, serial_glass,
          glass_columns_a, glass_columns_a, glass_columns_a, glass_columns_a,
          glass_columns_a, glass_columns_a
D:8:      layout_loops_corners

Skill      XL: |  1  2  3  4  5  6  7  8  9 |
---------------+----------------------------+-----
Dodging        | 1 2 3 |  3.7
Armour         | 2 3 4 5 |  5.6
Stealth        | 1 2 3 5 |  5.8
Short Blades   | 3 4 5 6 7 |  7.1
Fighting       | 4 5 |  5.5
Invocations    | 4 5 |  5.7
Unarmed Combat | |  0.3

Action                   |  1- 3 |  4- 6 |  7- 9 || total
-------------------------+-------+-------+-------++-------
Melee: Short sword       |   134 |   105 |       ||   239
       Dagger            |       |    77 |   370 ||   447
       Unarmed           |       |       |    12 ||    12
Invok: Depart the Abyss  |     1 |       |       ||     1
       Bend Space        |       |     2 |       ||     2
       Banish            |       |       |     3 ||     3
 Abil: Spit Poison       |     7 |    12 |    26 ||    45
  Use: Scroll            |       |     2 |    16 ||    18
       Potion            |       |     4 |     3 ||     7
 Stab: Sleeping          |     3 |     3 |     6 ||    12
Armor: Leather armour    |    38 |    52 |    38 ||   128
       Ring mail         |       |       |    92 ||    92
Dodge: Dodged            |    84 |    86 |   168 ||   338

Table legend: (Time is in decaauts)
 A = Elapsed time spent in this place.
 B = Non-inter-level travel time spent in this place.
 C = Inter-level travel time spent in this place.
 D = Time resting spent in this place.
 E = Time spent auto-exploring this place.
 F = Levels seen in this place.
 G = Mean time per level.
                   A        B        C        D        E       F      G
               +--------+--------+--------+--------+--------+-----+--------+
         Total |  11907 |  11680 |    227 |   2354 |   7684 |  11 | 1082.5 |
       Dungeon |  11772 |  11545 |    227 |   2354 |   7657 |   8 | 1471.5 |
         Abyss |    135 |    135 |      0 |      0 |     26 |   3 |   45.0 |
               +--------+--------+--------+--------+--------+-----+--------+

Top non-repeatable levels by time:
     D:7: 1969 daAuts
     D:4: 1794 daAuts
     D:2: 1712 daAuts
     D:1: 1649 daAuts
     D:5: 1584 daAuts
     D:3: 1316 daAuts
     D:6: 950 daAuts
     D:8: 794 daAuts
 Abyss:1: 104 daAuts
 Abyss:3: 21 daAuts
 Abyss:2: 8 daAuts
